 Dungeon Crawl Stone Soup version 0.29.1-15-g9cfb28693d (webtiles) character file.

Game seed: 639862375403335504

2135 Gumption the Cleaver (level 9, -7/80 HPs)
             Began as a Minotaur Berserker on Feb 24, 2023.
             Was a Believer of Trog.
             Mangled by a rust devil (8 damage)
             ... on level 6 of the Dungeon.
             The game lasted 01:15:22 (6675 turns).

Gumption the Cleaver (Minotaur Berserker)           Turns: 6675, Time: 01:15:23

Health: -7/80      AC: -41   Str: 26    XL:     9   Next: 9%
Magic:  8/8        EV:  7    Int:  4    God:    Trog [**....]
Gold:   146        SH:  4    Dex: 10    Spells: 8/8 levels left

rFire   . . .      SeeInvis .   a - +0 hand axe
rCold   . . .      Faith    .   s - +0 buckler
rNeg    . . .      Spirit   .   w - +0 plate armour
rPois   .          Reflect  .   (helmet restricted)
rElec   .          Harm     .   l - +0 cloak
rCorr   .          Rampage  .   (no gloves)
Will    .....                   (no boots)
Stlth   ..........              (no amulet)
HPRegen 0.23/turn               (no ring)
MPRegen 0.11/turn               (no ring)

@: weak-willed, corroded, on berserk cooldown, hasted and slowed
A: horns 2, retaliatory headbutt
a: Renounce Religion, Berserk, Trog's Hand


You were on level 6 of the Dungeon.
You worshipped Trog.
Trog was pleased with you.
You visited 2 branches of the dungeon, and saw 7 of its levels.

You collected 174 gold pieces.
You spent 28 gold pieces at shops.

Inventory:

Hand Weapons
 a - a +0 hand axe (weapon)
 b - the +5 dagger of Tenacity {vorpal, Dex+2 SInv}
   (You found it on level 6 of the Dungeon)

   It inflicts extra damage upon your enemies.
   Dex:       It affects your dexterity (+2).
   SInv:      It lets you see invisible.
 f - a +0 sling
Missiles
 c - 43 stones
 q - 8 poisoned darts (quivered)
Armour
 l - a +0 cloak (worn)
 s - a +0 buckler (worn)
 w - a +0 plate armour (worn)
 x - +0 steam dragon scales
Wands
 t - a wand of polymorph (12)
Scrolls
 e - 4 scrolls of teleportation
 g - 3 scrolls of immolation
 h - a scroll of poison
 u - a scroll of identify
Potions
 d - 2 potions of heal wounds
 i - 2 potions of cancellation
 k - 3 potions of haste
 m - 2 potions of curing
 n - 2 potions of flight {unknown}
 o - 2 potions of degeneration {unknown}
 p - a potion of attraction {unknown}
 r - a potion of mutation {unknown}
 v - 2 potions of brilliance {unknown}
 y - 2 potions of lignification


   Skills:
 + Level 7.7 Fighting
 * Level 10.4 Axes
 + Level 7.2 Armour
 - Level 2.1 Dodging
 + Level 3.9 Shields


You had 8 spell levels left.
You didn't know any spells.
Your spell library was empty.

Dungeon Overview and Level Annotations

Branches:
Dungeon (6/15)             Temple (1/1) D:5

Altars:
Ashenzari
Cheibriados
Dithmenos
Elyvilon
Gozag
Hepliaklqana
Kikubaaqudgha
Makhleb
Nemelex Xobeh
Okawaru
Qazlal
Ru
Sif Muna
Trog
Uskayaw
Vehumet
Wu Jian
Xom
Yredelemnul
Zin
The Shining One

Shops:
D:3 ?


Innate Abilities, Weirdness & Mutations

You have a pair of horns on your head.
You reflexively headbutt those who attack you in melee.


Message History

Your skin stops crawling.
You feel less strong-willed. The rust devil hits you!
The rust devil corrodes you!
There is a stone staircase leading down here.
You barely miss the rust devil. You headbutt the rust devil!
The rust devil is heavily wounded.
You hit the rust devil but do no damage.
You hit the rust devil but do no damage.
The rust devil is heavily wounded.
You hit the rust devil but do no damage.
The rust devil hits you. The rust devil corrodes you! The rust devil hits you!
* * * LOW HITPOINT WARNING * * *
The rust devil corrodes you! The rust devil barely misses you.
The rust devil hits you!
* * * LOW HITPOINT WARNING * * *
The rust devil corrodes you!
You climb downwards.
You feel a strong urge to attack something.
You are no longer berserk.
You are exhausted.
You feel yourself slow down.
There is a stone staircase leading up here.
You feel much better. The rust devil hits you! The rust devil corrodes you!
The rust devil hits you. The rust devil corrodes you!
You feel yourself speed up. The rust devil hits you.
The rust devil corrodes you! The rust devil hits you.
The rust devil corrodes you! The rust devil hits you!
* * * LOW HITPOINT WARNING * * *
The rust devil corrodes you! You block the rust devil's attack.
The rust devil attacks as you move away!
The rust devil hits you!
* * * LOW HITPOINT WARNING * * *
The rust devil corrodes you!
The rust devil attacks as you move away!
The rust devil hits you!
* * * LOW HITPOINT WARNING * * *
The rust devil corrodes you!
As you read the scroll labelled BYVURA LINUOZIQEPS, it crumbles to dust.
Magic quickly surges around you.
It was a scroll of vulnerability.
The rust devil hits you!
You die...

### ######### ##.#
########.#..#..##
#..###.#.#...........###
###......................#
#........................#
##.......................##
..............).<.......##
....†...........44......#
..##............@....####
..##..)..............#
...##.................#
...#.................##
#†..................##
..#...........>....##
####........##......
##.#...............##
...............


You could see 2 rust devils.

Vanquished Creatures
  Pikel (D:5)
  Maggie (D:6)
  Grinder (D:5)
  Menkaure (D:5)
  2 orc warriors (D:5)
  2 black bears
  An ogre (D:5)
  2 necrophages
  A jelly (D:5)
  6 hounds
  2 iguanas (D:5)
  Natasha (thrice) (D:3)
  2 orc wizards
  3 gnolls (D:2)
  5 adders
  A shadow imp (D:6)
  2 worms (D:4)
  3 dart slugs
  3 orcs (D:5)
  9 ball pythons
  7 bats
  6 endoplasms
  2 giant cockroaches
  4 goblins
  6 hobgoblins
  3 quokkas
  4 frilled lizards (D:2)
  5 kobolds
  9 rats
97 creatures vanquished.

Notes
Turn   | Place    | Note
-------+----------+-------------------------------------------
     0 | D:1      | Gumption the Minotaur Berserker began the quest for the
                  | Orb.
     0 | D:1      | Reached XP level 1. HP: 19/19 MP: 0/0
   472 | D:1      | Reached skill level 4 in Axes
   472 | D:1      | Reached XP level 2. HP: 22/27 MP: 1/1
  1572 | D:2      | Reached ** piety under Trog
  1573 | D:2      | Reached XP level 3. HP: 33/33 MP: 2/2
  1973 | D:2      | Reached XP level 4. HP: 41/41 MP: 3/3
  2150 | D:2      | Reached skill level 5 in Axes
  2625 | D:3      | Found a sparkling altar of Nemelex Xobeh.
  2679 | D:3      | Found Udeagg's Magic Scroll Shop.
  2905 | D:3      | Found a shimmering altar of Xom.
  2909 | D:3      | Found a hazy altar of Hepliaklqana.
  2912 | D:3      | Found an ornate altar of the Wu Jian Council.
  2988 | D:3      | Found a white marble altar of Elyvilon.
  3016 | D:3      | Noticed Natasha
  3026 | D:3      | Killed Natasha
  3027 | D:3      | Reached XP level 5. HP: 41/47 MP: 4/4
  3082 | D:3      | Noticed Natasha
  3090 | D:3      | Killed Natasha
  3566 | D:3      | Bought a scroll of identify for 28 gold pieces
  3630 | D:3      | Noticed Natasha
  3636 | D:3      | Killed Natasha
  3713 | D:4      | Reached skill level 6 in Axes
  3853 | D:4      | Noticed a black bear
  3860 | D:4      | Killed a black bear
  3861 | D:4      | Reached skill level 5 in Fighting
  3861 | D:4      | Reached XP level 6. HP: 47/56 MP: 5/5
  4000 | D:4      | Reached *** piety under Trog
  4181 | D:5      | Entered Level 5 of the Dungeon
  4217 | D:5      | Reached skill level 7 in Axes
  4368 | D:5      | Reached skill level 5 in Armour
  4368 | D:5      | Reached XP level 7. HP: 26/62 MP: 6/6
  4639 | D:5      | Noticed Grinder
  4642 | D:5      | Paralysed by Grinder for 5 turns
  4667 | D:5      | Killed Grinder
  4668 | D:5      | Reached skill level 8 in Axes
  4703 | D:5      | Noticed Pikel
  4721 | D:5      | Killed Pikel
  4722 | D:5      | Reached skill level 9 in Axes
  4722 | D:5      | Reached XP level 8. HP: 73/73 MP: 7/7
  4892 | D:5      | Noticed Menkaure
  5320 | D:5      | Killed Menkaure
  5321 | D:5      | Reached skill level 1 in Shields
  5842 | D:5      | Found a staircase to the Ecumenical Temple.
  5853 | Temple   | Entered the Ecumenical Temple
  6392 | D:6      | Noticed Maggie
  6417 | D:6      | Killed Maggie
  6418 | D:6      | Reached skill level 10 in Axes
  6540 | D:6      | Identified the +5 dagger of Tenacity {vorpal, Dex+2 SInv}
  6649 | D:5      | Noticed a rust devil
  6649 | D:5      | Noticed a rust devil
  6660 | D:5      | Reached XP level 9. HP: 79/80 MP: 8/8
  6674 | D:6      | HP: 1/80 [rust devil (12)]
  6675 | D:6      | Mangled by a rust devil

Illustrated notes

Levels and vault maps discovered:
D:1:      dpeg_arrival_stone_temple_mockup, layout_loops_corners,
          minmay_fountain_box
D:2:      layout_loops_cross
D:3:      layout_basic, lemuel_round_altar, grunt_temple_overflow_open,
          serial_shops, nicolae_shop_window_shopping, eino_tiny_chamber,
          uniq_natasha
D:4:      layout_rooms
D:5:      cheibrodos_iron_armory, layout_cave_pods, temple_fountains,
          uniq_grinder, uniq_menkaure, uniq_pikel
D:6:      layout_cave_pools, uniq_maggie
Temple:   minmay_temple_bridge_d

Skill      XL: |  1  2  3  4  5  6  7  8 |
---------------+-------------------------+-----
Axes           | 4 5 6 7 9 10 | 10.4
Fighting       | 4 5 7 |  7.7
Armour         | 3 4 5 6 7 |  7.2
Shields        | 3 |  3.9
Dodging        | |  2.1

Action                   |  1- 3 |  4- 6 |  7- 9 || total
-------------------------+-------+-------+-------++-------
Melee: Hand axe          |    91 |   126 |   132 ||   349
       Headbutt          |     9 |    24 |    21 ||    54
       Punch             |     1 |     1 |       ||     2
Throw: Stone             |     3 |       |       ||     3
       Dart              |       |    12 |     1 ||    13
Invok: Trog's Hand       |       |       |     3 ||     3
       Berserk           |       |       |     4 ||     4
  Use: Scroll            |       |     7 |     5 ||    12
       Potion            |       |       |     2 ||     2
Armor: Animal skin       |    17 |       |       ||    17
       Ring mail         |    16 |       |       ||    16
       Chain mail        |       |    27 |       ||    27
       Plate armour      |       |    41 |    57 ||    98
Dodge: Dodged            |    57 |    34 |    40 ||   131
Block: Buckler           |       |       |    15 ||    15
